 Dungeon Crawl Stone Soup version 0.17-a0-1632-g0af21bd (console) character file.

28 Monkaria the Conjurer (level 2, 0/12 HPs)
             Began as a Felid Conjurer on Aug 3, 2015.
             Slain by a jackal (3 damage)
             ... on level 1 of the Dungeon.
             The game lasted 00:03:29 (1037 turns).

Monkaria the Conjurer (Felid Conjurer)              Turns: 1037, Time: 00:03:29

Health: 0/12       AC:  1    Str:  4    XL:     2   Next: 96%
Magic:  1/6        EV: 18    Int: 16    God:
Gold:   51         SH:  0    Dex: 16    Spells: 2 memorised, 2 levels left
                                        Lives:  0   Deaths: 0

rFire  . . .     SeeInvis +     (weapon unavailable)
rCold  . . .     Clarity  .     (armour unavailable)
rNeg   . . .     SustAt   .     (shield unavailable)
rPois  .         Gourm    .     (helmet unavailable)
rElec  .         Spirit   .     (cloak unavailable)
rCorr  .         Warding  .     (gloves unavailable)
rMut   .         Stasis   .     (boots unavailable)
MR     .....                    (no amulet)
Stlth  +++.......               m - ring of wizardry
                                d - ring of flight

@: quick, not resistant to hostile enchantments, fairly stealthy
A: no armour, no weapons or thrown items, claws 1, fangs 3, see invisible,
carnivore 3, speed 1, shaggy fur 1, slow metabolism 1, sharp paws
a: Evoke Flight


You were on level 1 of the Dungeon.
You were completely stuffed.

You visited 1 branch of the dungeon, and saw 1 of its levels.

You collected 51 gold pieces.

Inventory:

Jewellery
 d - a ring of flight (left paw)
 m - a ring of wizardry (right paw)
Scrolls
 e - 2 scrolls of remove curse {unknown}
 h - 2 scrolls of identify {unknown}
 k - a scroll of blinking {unknown}
Potions
 f - a potion of ambrosia {unknown}
 g - a potion of curing {unknown}
 i - a potion of lignification {unknown}
Books
 a - a book of Conjurations

   Spells                             Type                      Level
   a - Magic Dart                     Conjuration                  1
   b - Searing Ray                    Conjuration                  2
   c - Dazzling Spray                 Conjuration/Hexes            3
   d - Fulminant Prism                Conjuration/Hexes            4
   e - Iskenderun's Mystic Blast      Conjuration                  4
   f - Iskenderun's Battlesphere      Conjuration/Charms           5
Comestibles
 b - a meat ration
 c - a beef jerky
 j - 11 chunks of flesh
 l - a royal jelly


   Skills:
 + Level 0.8 Fighting
 - Level 2.6 Dodging
 - Level 2.6 Stealth
 - Level 2.0 Spellcasting
 - Level 4.3 Conjurations


You had 2 spell levels left.
You knew the following spells:

 Your Spells              Type           Power        Failure   Level  Hunger
a - Magic Dart            Conj           ###.         1%          1    #......
b - Searing Ray           Conj           ###...       3%          2    ###....


Dungeon Overview and Level Annotations

Branches:
Dungeon (1/15)

Altars:


Innate Abilities, Weirdness & Mutations

You cannot wear armour.
You are incapable of wielding weapons or throwing items.
You have sharp claws.
You have razor-sharp teeth.
You have supernaturally acute eyesight.
You are carnivorous and can eat meat at any time.
You cover ground quickly.
You are covered in fur (AC +1).
You have a slow metabolism.
Your sharp claws are effective at attacking unaware monsters.


Message History

You kill the hobgoblin!
The searing ray hits the hobgoblin.
You kill the hobgoblin!
The searing ray hits the rat.
You kill the rat!
Casting: Searing Ray
Confirm with . or Enter, or press ? or * to list all spells.
You don't have enough magic to cast that spell.
Unknown command.
Casting: Searing Ray
Confirm with . or Enter, or press ? or * to list all spells.
Aiming: Magic Dart
Press: ? - help, Shift-Dir - straight line, f - goblin
Aim: a goblin, wielding a club The magic dart hits the goblin.
You kill the goblin!
Things that are here:
a club x2
The jackal bites you.
You die...

##......#..#.......####++####..#
.'.........#.......###....## ..#
##.........#...#...##.(....# .#
##.........#...#...##.8..8.## #
.####..............#........#
...........#.#.#...#.8....8.#
...................#(..##...#
.....[.#.#.#.####..#..####..#
.......#.#.#....@..'..+><'..+
..............)h...#..####..#
######.##..#.###...#..)##...#
.......##.>##......#.8....8.#
.......##...#......#........#
.......##.......#..##.8..8.##
.?......#.......#..##......#
........#.......#..###....##
....... #...#...#..# ##++##


You could see a jackal.

Vanquished Creatures
  A giant gecko (D:1)
  A giant cockroach (D:1)
  5 hobgoblins (D:1)
  A ball python (D:1)
  3 bats (D:1)
  2 giant newts (D:1)
  6 goblins (D:1)
  A jackal (D:1)
  A kobold (D:1)
  5 rats (D:1)
26 creatures vanquished.

Notes
Turn   | Place    | Note
--------------------------------------------------------------
     0 | D:1      | Monkaria the Felid Conjurer began the quest for the Orb.
     0 | D:1      | Reached XP level 1. HP: 7/7 MP: 4/4
   466 | D:1      | Reached skill level 4 in Conjurations
   476 | D:1      | Reached XP level 2. HP: 7/11 MP: 3/6
   600 | D:1      | Learned a level 2 spell: Searing Ray
  1037 | D:1      | Slain by a jackal

Vault maps used:
D:1:      dpeg_arrival_refuge

Action                   || total
-------------------------++-------
Melee: Unarmed           ||    30
 Cast: Magic Dart        ||    14
       Searing Ray       ||     3
 Stab: Sleeping          ||     4
  Eat: Chunk             ||     8
